General information
- name: BNet
- type: Ladder team game (AT/RT)
- host: Battle.net
- saver: bLinn
map: FullScaleAssault
- players: 8
- length: 37:29
- speed: Fast
- version: 1.21 W3XP
- replay type:

» download(317 KB)
Players
team 1 (winner)
BEAR_AND (
teal | 76 APM | 2841 actions | 37:28)
5 Goblin Alchemist
3 Chemical Rage
2 Acid Bomb
5 Mountain King
3 Storm Bolt
2 Bash
» actions
| Assign group hotkey | 13 | |
| Basic commands | 5 | |
| Build / train | 123 | |
| Enter build submenu | 70 | |
| Enter hero's abilities submenu | 10 | |
| Give item / drop item | 6 | |
| Remove unit from queue | 3 | |
| Right click | 1590 | |
| Select / deselect | 442 | |
| Select group hotkey | 379 | |
| Use ability | 195 | |
2841 total
» units
| Peasant | 12 | |
| Mortar Team | 5 | |
| Goblin Zeppelin | 1 | |
| Priest | 2 | |
| Flying Machine | 31 | |
51 total
» upgrades
| Masonry | 3 | |
| Lumber Harvesting | 2 | |
| Gunpowder | 3 | |
| Armor | 2 | |
| Fragmentation Shards | 1 | |
| Flare | 1 | |
| Magic Sentry | 1 | |
| Flak Cannons | 1 | |
| Flying Machine Bombs | 0 | |
| Plating | 2 | |
| Priest Training | 1 | |
17 total
» buildings
| Altar of Kings | 2 | |
| Lumber Mill | 2 | |
| Scout Tower | 84 | |
| Farm | 16 | |
| Guard Tower | 28 | |
| Keep | 2 | |
| Town Hall | 4 | |
| Blacksmith | 2 | |
| Castle | 2 | |
| Workshop | 3 | |
| Arcane Sanctum | 2 | |
| Arcane Vault | 1 | |
148 total
» build order
00:10 Altar of Kings
00:16 Lumber Mill
01:12 Scout Tower
01:15 Scout Tower
01:18 Farm
01:44 Guard Tower
01:50 Guard Tower
01:52 Scout Tower
01:53 Scout Tower
02:01 Farm
02:21 Scout Tower
02:22 Guard Tower
02:22 Guard Tower
02:32 Scout Tower
02:45 Scout Tower
02:47 Scout Tower
02:49 Guard Tower
02:54 Scout Tower
02:55 Scout Tower
02:55 Scout Tower
02:58 Scout Tower
02:59 Scout Tower
03:07 Guard Tower
03:44 Guard Tower
03:48 Scout Tower
03:50 Scout Tower
03:51 Scout Tower
03:52 Scout Tower
03:55 Guard Tower
03:56 Guard Tower
04:14 Scout Tower
04:15 Scout Tower
04:18 Keep
05:03 Guard Tower
05:04 Scout Tower
05:06 Scout Tower
05:09 Scout Tower
05:10 Scout Tower
05:15 Farm
05:16 Farm
05:19 Scout Tower
05:20 Scout Tower
05:20 Scout Tower
05:21 Scout Tower
05:22 Scout Tower
05:33 Altar of Kings
05:37 Guard Tower
05:41 Scout Tower
05:43 Scout Tower
06:05 Guard Tower
06:33 Guard Tower
06:52 Guard Tower
07:12 Scout Tower
07:13 Scout Tower
07:15 Scout Tower
07:15 Scout Tower
07:37 Town Hall
07:50 Blacksmith
08:29 Castle
09:04 Farm
09:47 Workshop
09:50 Workshop
10:38 Scout Tower
10:39 Scout Tower
10:40 Scout Tower
10:41 Scout Tower
10:42 Scout Tower
10:42 Scout Tower
10:44 Scout Tower
10:44 Scout Tower
10:45 Scout Tower
10:45 Scout Tower
10:52 Scout Tower
10:53 Scout Tower
10:54 Scout Tower
10:55 Scout Tower
10:56 Scout Tower
10:57 Scout Tower
12:13 Scout Tower
12:14 Scout Tower
12:15 Scout Tower
12:16 Scout Tower
12:17 Scout Tower
12:18 Scout Tower
12:19 Scout Tower
12:21 Scout Tower
12:25 Guard Tower
12:50 Guard Tower
13:18 Guard Tower
13:21 Guard Tower
14:14 Scout Tower
14:14 Scout Tower
14:15 Scout Tower
14:16 Scout Tower
14:17 Scout Tower
14:17 Scout Tower
14:18 Scout Tower
14:38 Town Hall
15:13 Guard Tower
15:15 Guard Tower
16:39 Scout Tower
16:40 Scout Tower
16:41 Scout Tower
17:01 Scout Tower
17:01 Scout Tower
17:01 Scout Tower
17:02 Scout Tower
17:02 Scout Tower
17:03 Scout Tower
17:05 Guard Tower
19:11 Guard Tower
19:28 Arcane Sanctum
19:32 Arcane Sanctum
19:33 Guard Tower
20:30 Town Hall
21:17 Guard Tower
21:19 Scout Tower
21:20 Scout Tower
21:21 Scout Tower
21:22 Scout Tower
21:23 Scout Tower
21:23 Scout Tower
21:24 Scout Tower
22:02 Guard Tower
22:45 Guard Tower
24:25 Guard Tower
24:41 Guard Tower
25:42 Farm
25:43 Farm
25:45 Farm
25:47 Farm
26:44 Farm
26:44 Farm
28:08 Blacksmith
28:09 Keep
28:58 Scout Tower
28:58 Scout Tower
28:58 Scout Tower
30:00 Farm
30:40 Workshop
31:17 Lumber Mill
32:25 Castle
32:29 Arcane Vault
33:03 Farm
33:04 Farm
33:05 Farm
33:05 Farm
33:14 Town Hall
» items
| Orb of Venom | 2 | |
| Potion of Healing | 1 | |
| Staff of Teleportation | 2 | |
| Boots of Speed | 1 | |
| Scroll of Town Portal | 2 | |
| Staff of Preservation | 1 | |
9 total
bLinn (
red | 95 APM | 3567 actions | 37:29)
4 Warden
2 Shadow Strike
2 Blink
6 Keeper of the Grove
3 Entangling Roots
2 Thorns Aura
1 Tranquility
» actions
| Assign group hotkey | 208 | |
| Basic commands | 4 | |
| Build / train | 83 | |
| Enter build submenu | 30 | |
| Enter hero's abilities submenu | 10 | |
| Give item / drop item | 4 | |
| Remove unit from queue | 1 | |
| Right click | 2027 | |
| Select / deselect | 402 | |
| Select group hotkey | 667 | |
| Use ability | 127 | |
3567 total
» units
| Wisp | 27 | |
| Druid of the Talon | 8 | |
| Goblin Zeppelin | 1 | |
36 total
» upgrades
| Ultravision | 1 | |
| Druid of the Talon Training | 2 | |
| Strength of the Wild | 3 | |
| Well Spring | 1 | |
| Reinforced Hides | 3 | |
| Mark of the Talon | 1 | |
11 total
» buildings
| Altar of Elders | 4 | |
| Moon Well | 16 | |
| Ancient of Wonders | 1 | |
| Tree of Ages | 3 | |
| Hunter's Hall | 1 | |
| Ancient of Wind | 2 | |
| Tree of Eternity | 5 | |
| Tree of Life | 1 | |
33 total
» build order
00:51 Altar of Elders
00:52 Moon Well
02:10 Moon Well
05:08 Moon Well
05:18 Ancient of Wonders
05:54 Tree of Ages
05:54 Tree of Ages
07:23 Hunter's Hall
08:49 Ancient of Wind
08:51 Ancient of Wind
09:16 Tree of Eternity
09:17 Tree of Eternity
09:17 Tree of Eternity
09:17 Tree of Eternity
09:51 Moon Well
09:55 Moon Well
10:25 Tree of Life
19:21 Moon Well
19:32 Moon Well
19:33 Moon Well
19:36 Moon Well
19:48 Moon Well
20:55 Altar of Elders
21:01 Moon Well
21:02 Moon Well
25:16 Altar of Elders
25:17 Moon Well
25:18 Moon Well
25:19 Moon Well
25:20 Moon Well
26:31 Altar of Elders
» items
| Boots of Speed | 2 | |
| Staff of Teleportation | 2 | |
| Orb of Venom | 2 | |
| Lesser Clarity Potion | 2 | |
| Scroll of Town Portal | 2 | |
| Potion of Lesser Invulnerability | 1 | |
11 total

»
dirtmcwordUP (
yellow | 90 APM | 3355 actions | 37:28)
5 Archmage
3 Blizzard
2 Brilliance Aura
5 Paladin
3 Holy Light
2 Divine Shield
5 Mountain King
3 Storm Bolt
2 Bash
» actions
| Assign group hotkey | 8 | |
| Basic commands | 55 | |
| Build / train | 100 | |
| ESC pressed | 7 | |
| Enter build submenu | 65 | |
| Enter hero's abilities submenu | 15 | |
| Give item / drop item | 3 | |
| Right click | 1488 | |
| Select / deselect | 267 | |
| Select group hotkey | 1096 | |
| Use ability | 251 | |
3355 total
» units
» upgrades
| Masonry | 3 | |
| Lumber Harvesting | 2 | |
| Magic Sentry | 1 | |
| Priest Training | 2 | |
| Sorceress Training | 2 | |
10 total
» buildings
| Altar of Kings | 3 | |
| Farm | 5 | |
| Lumber Mill | 2 | |
| Scout Tower | 98 | |
| Arcane Tower | 1 | |
| Guard Tower | 20 | |
| Keep | 2 | |
| Town Hall | 6 | |
| Castle | 1 | |
| Arcane Sanctum | 1 | |
| Arcane Vault | 3 | |
142 total
» build order
00:08 Altar of Kings
00:11 Farm
00:20 Farm
00:32 Lumber Mill
01:31 Scout Tower
01:33 Scout Tower
02:02 Arcane Tower
02:07 Scout Tower
02:08 Scout Tower
02:09 Scout Tower
02:11 Scout Tower
02:13 Scout Tower
02:51 Guard Tower
02:53 Scout Tower
02:54 Scout Tower
02:56 Scout Tower
02:58 Scout Tower
03:43 Guard Tower
03:47 Scout Tower
03:48 Scout Tower
03:52 Scout Tower
04:01 Scout Tower
04:02 Scout Tower
04:03 Scout Tower
04:04 Scout Tower
04:05 Scout Tower
04:09 Scout Tower
04:26 Guard Tower
04:31 Keep
04:37 Scout Tower
04:38 Scout Tower
04:40 Scout Tower
04:41 Scout Tower
04:41 Scout Tower
04:42 Scout Tower
05:08 Guard Tower
06:09 Guard Tower
06:17 Guard Tower
06:28 Town Hall
07:21 Scout Tower
07:22 Scout Tower
07:22 Scout Tower
07:23 Scout Tower
07:24 Scout Tower
07:25 Scout Tower
07:25 Scout Tower
07:26 Scout Tower
07:27 Scout Tower
07:27 Scout Tower
07:28 Scout Tower
07:29 Scout Tower
07:31 Scout Tower
07:31 Scout Tower
08:25 Guard Tower
08:31 Castle
08:45 Guard Tower
08:50 Arcane Sanctum
09:21 Guard Tower
09:24 Guard Tower
09:29 Scout Tower
09:40 Guard Tower
09:54 Scout Tower
09:54 Scout Tower
09:55 Scout Tower
09:55 Scout Tower
09:56 Scout Tower
09:56 Scout Tower
09:58 Scout Tower
09:59 Scout Tower
10:00 Guard Tower
10:27 Guard Tower
10:41 Altar of Kings
10:45 Guard Tower
10:51 Guard Tower
12:52 Guard Tower
12:58 Scout Tower
12:58 Scout Tower
13:02 Scout Tower
13:03 Scout Tower
13:04 Scout Tower
13:05 Scout Tower
14:00 Guard Tower
14:18 Scout Tower
14:18 Scout Tower
14:20 Scout Tower
14:45 Farm
14:53 Scout Tower
14:54 Scout Tower
14:58 Guard Tower
15:49 Guard Tower
17:14 Scout Tower
17:15 Scout Tower
17:46 Guard Tower
19:24 Town Hall
19:33 Scout Tower
19:34 Scout Tower
19:35 Scout Tower
19:35 Scout Tower
19:37 Scout Tower
19:38 Scout Tower
19:39 Scout Tower
19:41 Scout Tower
19:42 Scout Tower
19:43 Scout Tower
19:43 Scout Tower
19:44 Scout Tower
19:52 Scout Tower
19:53 Scout Tower
19:54 Scout Tower
19:54 Scout Tower
19:55 Scout Tower
19:56 Scout Tower
19:56 Scout Tower
19:57 Scout Tower
19:57 Scout Tower
19:58 Scout Tower
20:06 Scout Tower
20:07 Scout Tower
20:08 Scout Tower
20:42 Farm
21:15 Arcane Vault
21:17 Arcane Vault
21:23 Arcane Vault
25:01 Town Hall
26:40 Town Hall
28:50 Town Hall
28:58 Scout Tower
28:59 Scout Tower
28:59 Scout Tower
29:00 Scout Tower
29:01 Scout Tower
29:01 Scout Tower
29:04 Town Hall
32:24 Lumber Mill
34:15 Altar of Kings
34:17 Keep
34:30 Scout Tower
34:31 Scout Tower
34:33 Scout Tower
34:33 Scout Tower
34:35 Scout Tower
35:57 Farm
» items
| Staff of Teleportation | 3 | |
| Boots of Speed | 2 | |
| Potion of Healing | 3 | |
| Potion of Mana | 3 | |
| Lesser Clarity Potion | 1 | |
| Staff of Sanctuary | 3 | |
| Orb of Venom | 1 | |
16 total

»
Mata. (
green | 88 APM | 3312 actions | 37:28)
» actions
| Assign group hotkey | 140 | |
| Basic commands | 153 | |
| Build / train | 169 | |
| ESC pressed | 7 | |
| Enter build submenu | 159 | |
| Right click | 1046 | |
| Select / deselect | 706 | |
| Select group hotkey | 682 | |
| Use ability | 248 | |
3312 total
» units
» upgrades
| Ultravision | 1 | |
| Nature's Blessing | 1 | |
2 total
» buildings
| Hunter's Hall | 1 | |
| Altar of Elders | 1 | |
| Moon Well | 14 | |
| Tree of Life | 12 | |
| Ancient of War | 110 | |
| Tree of Ages | 2 | |
| Ancient of Wonders | 3 | |
| Tree of Eternity | 3 | |
146 total
» build order
00:19 Hunter's Hall
00:58 Altar of Elders
01:20 Moon Well
02:04 Moon Well
02:55 Moon Well
03:40 Moon Well
04:57 Moon Well
04:59 Moon Well
05:02 Moon Well
05:04 Moon Well
05:05 Moon Well
05:30 Moon Well
06:00 Tree of Life
06:25 Ancient of War
07:05 Tree of Life
07:15 Ancient of War
07:45 Tree of Ages
10:46 Moon Well
10:49 Moon Well
10:50 Moon Well
10:51 Moon Well
12:49 Ancient of Wonders
13:29 Tree of Life
13:32 Tree of Life
13:39 Tree of Life
14:14 Ancient of War
14:15 Ancient of War
14:35 Ancient of War
15:03 Tree of Life
15:16 Ancient of War
15:17 Ancient of War
15:20 Ancient of War
15:29 Ancient of War
15:32 Ancient of War
15:58 Ancient of War
16:00 Ancient of War
16:03 Ancient of War
16:04 Ancient of War
16:08 Ancient of War
16:26 Ancient of War
16:45 Tree of Eternity
16:57 Ancient of War
16:58 Ancient of War
17:14 Ancient of War
17:16 Ancient of War
17:46 Ancient of War
17:47 Ancient of War
17:51 Ancient of War
17:52 Ancient of War
18:02 Ancient of War
18:20 Ancient of War
18:20 Ancient of War
18:22 Ancient of War
18:25 Ancient of War
18:31 Ancient of War
18:33 Ancient of War
18:59 Ancient of War
19:01 Ancient of War
19:01 Ancient of War
19:36 Ancient of War
19:38 Ancient of War
19:39 Ancient of War
19:53 Tree of Ages
19:56 Ancient of War
20:02 Ancient of War
20:03 Ancient of War
20:05 Ancient of War
20:33 Ancient of War
21:17 Ancient of War
21:18 Ancient of War
21:44 Ancient of War
21:45 Ancient of War
21:53 Ancient of War
22:03 Ancient of War
22:09 Ancient of War
22:10 Ancient of War
22:34 Ancient of War
22:37 Ancient of War
22:40 Tree of Eternity
23:06 Ancient of War
23:07 Ancient of War
24:03 Ancient of War
24:04 Ancient of War
24:08 Ancient of War
24:17 Ancient of War
24:21 Ancient of War
24:23 Ancient of War
24:24 Ancient of War
24:26 Ancient of War
24:27 Ancient of War
25:17 Ancient of War
25:18 Ancient of War
25:18 Ancient of War
28:09 Tree of Life
28:21 Ancient of War
28:22 Ancient of War
28:23 Ancient of War
28:24 Ancient of War
28:25 Ancient of War
28:25 Ancient of War
28:26 Ancient of War
28:26 Ancient of War
29:33 Tree of Life
29:41 Tree of Life
29:44 Tree of Life
30:08 Ancient of Wonders
30:10 Ancient of Wonders
30:12 Tree of Life
30:18 Tree of Life
32:06 Ancient of War
32:06 Ancient of War
33:23 Ancient of War
33:26 Ancient of War
33:27 Ancient of War
33:28 Ancient of War
33:29 Ancient of War
33:30 Ancient of War
33:31 Ancient of War
33:32 Ancient of War
33:33 Ancient of War
33:44 Ancient of War
33:45 Ancient of War
33:45 Ancient of War
33:46 Ancient of War
33:47 Ancient of War
33:48 Ancient of War
33:49 Ancient of War
33:51 Ancient of War
33:56 Ancient of War
34:22 Ancient of War
34:53 Ancient of War
34:54 Ancient of War
34:55 Ancient of War
34:56 Ancient of War
34:57 Ancient of War
35:17 Ancient of War
35:18 Ancient of War
35:19 Ancient of War
35:20 Ancient of War
35:21 Ancient of War
35:53 Ancient of War
35:53 Ancient of War
35:54 Ancient of War
35:55 Ancient of War
35:57 Ancient of War
team 2 (loser)

»
13223rds (
pink | 44 APM | 1597 actions | 36:27)
8 Dark Ranger
3 Black Arrow
3 Silence
1 Charm
1 Life Drain
» actions
| Assign group hotkey | 27 | |
| Basic commands | 33 | |
| Build / train | 83 | |
| Enter build submenu | 21 | |
| Enter hero's abilities submenu | 8 | |
| Give item / drop item | 1 | |
| Remove unit from queue | 5 | |
| Right click | 735 | |
| Select / deselect | 441 | |
| Select group hotkey | 161 | |
| Use ability | 82 | |
1597 total
» units
| Wisp | 19 | |
| Archer | 12 | |
| Mountain Giant | 8 | |
| Chimaera | 8 | |
| Hippogryph | 10 | |
57 total
» upgrades
| Improved Bows | 1 | |
| Strength of the Moon | 1 | |
| Reinforced Hides | 1 | |
| Strength of the Wild | 3 | |
| Hardened Skin | 1 | |
| Corrosive Breath | 1 | |
8 total
» buildings
| Moon Well | 8 | |
| Ancient of War | 1 | |
| Altar of Elders | 1 | |
| Tree of Ages | 1 | |
| Tree of Life | 3 | |
| Hunter's Hall | 1 | |
| Ancient of Wonders | 1 | |
| Ancient of Lore | 2 | |
| Tree of Eternity | 1 | |
| Ancient of Wind | 1 | |
| Chimaera Roost | 2 | |
22 total
» build order
00:08 Moon Well
01:02 Ancient of War
01:09 Altar of Elders
01:15 Moon Well
03:06 Moon Well
04:15 Tree of Ages
04:56 Tree of Life
05:17 Tree of Life
05:31 Hunter's Hall
06:17 Ancient of Wonders
06:40 Ancient of Lore
06:42 Ancient of Lore
06:44 Tree of Eternity
07:40 Ancient of Wind
09:49 Moon Well
10:15 Moon Well
10:20 Moon Well
11:59 Chimaera Roost
15:02 Chimaera Roost
16:48 Moon Well
16:51 Moon Well
23:24 Tree of Life
» items
Krazy_guns (
purple | 54 APM | 2021 actions | 37:27)
5 Tauren Chieftain
3 Shockwave
2 Endurance Aura
» actions
| Assign group hotkey | 82 | |
| Basic commands | 195 | |
| Build / train | 84 | |
| Enter build submenu | 26 | |
| Enter hero's abilities submenu | 5 | |
| Remove unit from queue | 4 | |
| Right click | 939 | |
| Select / deselect | 518 | |
| Select group hotkey | 87 | |
| Use ability | 81 | |
2021 total
» units
| Peon | 14 | |
| Grunt | 6 | |
| Demolisher | 13 | |
| Tauren | 13 | |
| Shaman | 11 | |
57 total
» upgrades
| Shaman Training | 2 | |
| Burning Oil | 1 | |
| Pulverize | 1 | |
4 total
» buildings
| Altar of Storms | 2 | |
| Orc Burrow | 7 | |
| Barracks | 1 | |
| Voodoo Lounge | 1 | |
| Stronghold | 2 | |
| Fortress | 1 | |
| Spirit Lodge | 2 | |
| War Mill | 1 | |
| Tauren Totem | 1 | |
| Great Hall | 1 | |
| Watch Tower | 9 | |
28 total
» build order
00:08 Altar of Storms
00:09 Altar of Storms
00:20 Orc Burrow
00:36 Barracks
01:24 Orc Burrow
01:37 Voodoo Lounge
02:51 Orc Burrow
03:51 Stronghold
03:51 Stronghold
06:15 Fortress
06:21 Spirit Lodge
06:34 Spirit Lodge
08:23 War Mill
09:43 Tauren Totem
10:38 Orc Burrow
12:50 Orc Burrow
15:07 Orc Burrow
21:34 Great Hall
22:18 Orc Burrow
31:44 Watch Tower
31:45 Watch Tower
31:46 Watch Tower
31:46 Watch Tower
31:46 Watch Tower
31:47 Watch Tower
31:48 Watch Tower
31:49 Watch Tower
32:56 Watch Tower
» items
| Healing Salve | 3 | |
| Lesser Clarity Potion | 2 | |
| Scroll of Town Portal | 2 | |
| Potion of Healing | 2 | |
| Potion of Mana | 1 | |
10 total
NiGHTFaLLs (
orange | 91 APM | 2763 actions | 30:17)
4 Demon Hunter
2 Mana Burn
2 Evasion
3 Naga Sea Witch
1 Forked Lightning
2 Frost Arrows
» actions
| Assign group hotkey | 55 | |
| Basic commands | 289 | |
| Build / train | 98 | |
| Enter build submenu | 15 | |
| Enter hero's abilities submenu | 8 | |
| Remove unit from queue | 4 | |
| Right click | 1249 | |
| Select / deselect | 299 | |
| Select group hotkey | 653 | |
| Use ability | 93 | |
2763 total
» units
| Wisp | 12 | |
| Archer | 9 | |
| Huntress | 4 | |
| Glaive Thrower | 14 | |
| Chimaera | 20 | |
59 total
» upgrades
| Strength of the Wild | 3 | |
| Reinforced Hides | 2 | |
| Vorpal Blades | 1 | |
| Corrosive Breath | 1 | |
7 total
» buildings
| Altar of Elders | 1 | |
| Moon Well | 13 | |
| Ancient of War | 1 | |
| Hunter's Hall | 1 | |
| Ancient of Wonders | 1 | |
| Ancient Protector | 1 | |
| Tree of Ages | 3 | |
| Ancient of Wind | 1 | |
| Tree of Eternity | 4 | |
| Chimaera Roost | 2 | |
28 total
» build order
00:18 Altar of Elders
00:21 Moon Well
00:58 Moon Well
01:44 Ancient of War
02:11 Hunter's Hall
03:17 Moon Well
03:30 Ancient of Wonders
03:41 Ancient Protector
04:26 Tree of Ages
04:26 Tree of Ages
06:21 Moon Well
09:11 Ancient of Wind
10:33 Tree of Eternity
10:33 Tree of Eternity
10:33 Tree of Eternity
12:53 Moon Well
12:54 Moon Well
12:56 Chimaera Roost
12:57 Chimaera Roost
21:51 Moon Well
21:52 Moon Well
21:52 Moon Well
21:52 Moon Well
22:26 Moon Well
24:14 Moon Well
» items
| Dust of Appearance | 2 | |
| Moonstone | 1 | |
| Lesser Clarity Potion | 1 | |
| Scroll of Town Portal | 3 | |
| Potion of Lesser Invulnerability | 1 | |
| Scroll of Protection | 1 | |
9 total
OKi. (
blue | 31 APM | 1090 actions | 34:36)
5 Death Knight
3 Death Coil
2 Unholy Aura
» actions
| Assign group hotkey | 4 | |
| Basic commands | 41 | |
| Build / train | 51 | |
| Enter build submenu | 23 | |
| Enter hero's abilities submenu | 5 | |
| Remove unit from queue | 1 | |
| Right click | 520 | |
| Select / deselect | 322 | |
| Select group hotkey | 73 | |
| Use ability | 50 | |
1090 total
» units
| Acolyte | 2 | |
| Ghoul | 5 | |
| Crypt Fiend | 10 | |
| Meatwagon | 3 | |
| Frost Wyrm | 11 | |
31 total
» upgrades
| Creature Attack | 2 | |
| Web | 1 | |
| Freezing Breath | 1 | |
4 total
» buildings
| Graveyard | 1 | |
| Crypt | 1 | |
| Ziggurat | 10 | |
| Altar of Darkness | 1 | |
| Tomb of Relics | 1 | |
| Spirit Tower | 1 | |
| Halls of the Dead | 1 | |
| Nerubian Tower | 1 | |
| Slaughterhouse | 1 | |
| Black Citadel | 1 | |
| Sacrificial Pit | 1 | |
| Boneyard | 3 | |
23 total
» build order
00:21 Graveyard
00:23 Crypt
00:39 Ziggurat
00:57 Altar of Darkness
01:14 Tomb of Relics
01:40 Ziggurat
02:21 Spirit Tower
04:06 Ziggurat
05:01 Halls of the Dead
05:58 Ziggurat
06:23 Nerubian Tower
07:34 Slaughterhouse
08:28 Black Citadel
09:48 Sacrificial Pit
10:32 Ziggurat
10:35 Ziggurat
11:14 Boneyard
11:44 Boneyard
12:17 Ziggurat
14:27 Boneyard
14:42 Ziggurat
14:43 Ziggurat
16:54 Ziggurat
» items
| Rod of Necromancy | 1 | |
| Potion of Healing | 3 | |
| Scroll of Town Portal | 1 | |
5 total
Chat log
(08:48 / All) Krazy_guns: fif en criss
(08:55 / All) dirtmcwordUP: go to eurpe
(19:54 / All) Krazy_guns: get aa o cas mass chim
(20:00 / All) BEAR_AND: k
(23:07 / All) OKi.: hunm hum
(23:15 / All) 13223rds: lvl SEX
(23:19 / All) OKi.: ^^
(23:32 / All) OKi.: frosty suck
(23:33 / All) OKi.: LOL
(24:03 / All) OKi.: i suck
(24:09 / All) OKi.: ^^
(24:11 / All) Krazy_guns: fire cat too
(24:38 / All) NiGHTFaLLs: gg noob
(24:39 / All) NiGHTFaLLs: l0ol
(24:49 / All) OKi.: loll
(26:29 / All) NiGHTFaLLs: gg
(26:31 / All) NiGHTFaLLs: just leave
(26:33 / All) NiGHTFaLLs: now kids retarded
(26:34 / All) NiGHTFaLLs: l0ol
(27:27 / All) OKi.: lollllllll
(27:33 / All) OKi.: CLEAN
(27:38 / All) OKi.: yen a gerne 600
(27:44 / All) dirtmcwordUP: gg
(27:50 / All) OKi.: GG
(27:52 / All) OKi.: lolllllllllllllllllllllllll
(28:19 / All) OKi.: TROP CLEAN
(28:37 / All) OKi.: oauis il gange
(28:42 / All) OKi.: loll
(28:55 / All) NiGHTFaLLs: wowo
(28:57 / All) NiGHTFaLLs: my team suck hard
(28:58 / All) NiGHTFaLLs: hahahahaha
(29:00 / All) NiGHTFaLLs: 1v1 i own u ass
(29:06 / All) NiGHTFaLLs: tu suckl blue sale
(29:09 / All) NiGHTFaLLs: gros criss de BS
(29:10 / All) dirtmcwordUP: ????1v1
(29:16 / All) OKi.: lol
(29:32 / All) OKi.: oj is angry XD
(29:35 / All) OKi.: Its a game man
(29:38 / All) OKi.: nice win guys
(29:42 / All) BEAR_AND: hahahah ornage
(29:44 / All) BEAR_AND: i fuck u up
(29:51 / All) dirtmcwordUP: i make u dick suck
(30:07 / All) NiGHTFaLLs: arff
(30:11 / All) BEAR_AND: hahhahahahahhahahha
(30:12 / All) BEAR_AND: you suck
(30:14 / All) NiGHTFaLLs: gg my team is just noob and retarded kids stupoid to quebec
(30:21 / All) OKi.: lolll
(30:29 / All) OKi.: il pete vrm une coche lui
(30:36 / All) dirtmcwordUP: go back to francefaggot
(30:57 / All) OKi.: wawww
(32:02 / All) Krazy_guns: wow gg :P
(33:53 / All) dirtmcwordUP: gg
(33:57 / All) OKi.: Yes ^^
(33:58 / All) OKi.: gh
(34:00 / All) OKi.: gj ^^
(34:33 / All) OKi.: just to nice tech <
(35:51 / All) dirtmcwordUP: gg
(35:52 / All) dirtmcwordUP: noobs
(36:46 / All) Krazy_guns: im ur fand no1